[ PARTIDA AOE2 · #480620204 ]
Team RMFrancos vs Franks
[ ANÁLISIS DE REPETICIÓN · EXTRAÍDO DE LA PARTIDA GRABADA ]
Feudal
13:29
Castillos
22:38
Imperial
38:32
| APM promedio | 32.9 |
| APM pico | 77 |
| eAPM promedio | 19.0 |
| Aldeanos / militares | 84 / 174 |
Foco
⚔️ 27.3% · 🌾 72.7%
Knight ×62 · Spearman ×43 · Hand Cannoneer ×27 · Trade Cart ×23 · Bombard Cannon ×10 · Monk ×9
Feudal
19:15
Castillos
23:10
Imperial
41:50
| APM promedio | 24.9 |
| APM pico | 65 |
| eAPM promedio | 19.9 |
| Aldeanos / militares | 151 / 619 |
Foco
⚔️ 49.8% · 🌾 50.2%
Spearman ×235 · Huskarl ×205 · Militia ×153 · Battering Ram ×20 · Trebuchet (Packed) ×4 · Monk ×2
Feudal
12:35
Castillos
17:08
Imperial
32:40
| APM promedio | 25.2 |
| APM pico | 76 |
| eAPM promedio | 12.2 |
| Aldeanos / militares | 104 / 238 |
Foco
⚔️ 44.1% · 🌾 55.9%
Genoese Crossbowman ×137 · Hand Cannoneer ×58 · Bombard Cannon ×43 · Trade Cart ×26
Feudal
12:19
Castillos
16:00
Imperial
32:43
| APM promedio | 29.0 |
| APM pico | 80 |
| eAPM promedio | 12.9 |
| Aldeanos / militares | 166 / 452 |
Foco
⚔️ 34.5% · 🌾 65.5%
Knight ×351 · Camel Scout ×57 · Scorpion ×17 · Scout Cavalry ×10 · Trebuchet (Packed) ×5 · Mangonel ×4
Feudal
11:53
Castillos
14:38
Imperial
30:29
| APM promedio | 26.6 |
| APM pico | 77 |
| eAPM promedio | 18.2 |
| Aldeanos / militares | 202 / 301 |
Foco
⚔️ 45.2% · 🌾 54.8%
Scout Cavalry ×116 · Scorpion ×91 · Battle Elephant ×84 · Trebuchet (Packed) ×10
Feudal
13:27
Castillos
19:11
Imperial
38:25
| APM promedio | 9.2 |
| APM pico | 48 |
| eAPM promedio | 7.9 |
| Aldeanos / militares | 82 / 104 |
Foco
⚔️ 33.3% · 🌾 66.7%
Scout Cavalry ×43 · Spearman ×33 · Mameluke ×26 · Trebuchet (Packed) ×2
Feudal
11:54
Castillos
18:08
Imperial
42:18
| APM promedio | 22.0 |
| APM pico | 72 |
| eAPM promedio | 15.7 |
| Aldeanos / militares | 201 / 282 |
Foco
⚔️ 45.7% · 🌾 54.3%
Archer ×262 · Rattan Archer ×20
Feudal
11:56
Castillos
16:00
Imperial
37:17
| APM promedio | 7.6 |
| APM pico | 30 |
| eAPM promedio | 5.1 |
| Aldeanos / militares | 96 / 25 |
Foco
⚔️ 16.1% · 🌾 83.9%
Knight ×19 · Battering Ram ×5 · Mangonel ×1
Mapa de la partida
Recursos al inicio + cada clic de construcción. Línea gruesa = muro · recuadro discontinuo = muro de casas detectado. 🟡 oro · ⚪ piedra · 🟢 bayas · 🔶 jabalí · ⭕ reliquia
Inputs por minuto
— 白馬义从 - - Friedeggplant
Build order — 白馬义从
Primeras 150 de 490 acciones detectadas
| 2:00 | Construir | House |
| 2:05 | Crear | Villager (Male) |
| 2:06 | Crear | Villager (Male) |
| 2:06 | Crear | Villager (Male) |
| 2:06 | Crear | Villager (Male) |
| 2:07 | Investigar | Loom |
| 2:34 | Construir | House |
| 2:35 | Construir | House |
| 3:38 | Crear | Villager (Male) |
| 3:45 | Construir | Lumber Camp |
| 4:27 | Crear | Villager (Male) |
| 5:06 | Crear | Villager (Male) |
| 5:06 | Crear | Villager (Male) |
| 5:21 | Crear | Villager (Male) |
| 6:19 | Crear | Villager (Male) |
| 6:19 | Crear | Villager (Male) |
| 7:47 | Construir | Mill |
| 8:48 | Crear | Villager (Male) |
| 8:49 | Crear | Villager (Male) |
| 8:49 | Crear | Villager (Male) |
| 9:50 | Construir | House |
| 10:00 | Crear | Villager (Male) |
| 10:01 | Crear | Villager (Male) |
| 10:54 | Crear | Villager (Male) |
| 10:54 | Crear | Villager (Male) |
| 11:14 | Investigar | Feudal Age |
| 11:51 | Crear | Villager (Male) |
| 11:51 | Crear | Villager (Male) |
| 12:10 | Construir | Mining Camp |
| 12:44 | Construir | Lumber Camp |
| 13:03 | Crear | Villager (Male) |
| 13:12 | Construir | Farm |
| 13:18 | Construir | House |
| 13:19 | Construir | House |
| 13:29 | Edad | Edad Feudal |
| 13:33 | Investigar | Double-Bit Axe |
| 14:27 | Crear | Villager (Male) |
| 14:52 | Construir | Market |
| 14:57 | Crear | Villager (Male) |
| 14:57 | Crear | Villager (Male) |
| 15:25 | Crear | Villager (Male) |
| 15:57 | Construir | Farm |
| 15:59 | Construir | Farm |
| 16:00 | Construir | Farm |
| 16:01 | Construir | Farm |
| 16:23 | Crear | Villager (Male) |
| 16:39 | Construir | Blacksmith |
| 16:50 | Crear | Villager (Male) |
| 16:58 | Construir | Farm |
| 17:02 | Crear | Villager (Male) |
| 17:31 | Construir | Barracks |
| 17:40 | Crear | Villager (Male) |
| 17:41 | Crear | Villager (Male) |
| 17:48 | Construir | Farm |
| 18:13 | Construir | Farm |
| 18:26 | Construir | House |
| 18:31 | Construir | Farm |
| 18:33 | Crear | Spearman |
| 18:41 | Construir | Farm |
| 18:43 | Crear | Villager (Male) |
| 18:53 | Crear | Villager (Male) |
| 19:17 | Construir | Farm |
| 19:25 | Crear | Villager (Male) |
| 19:34 | Investigar | Castle Age |
| 19:41 | Construir | Mining Camp |
| 19:58 | Construir | Stable |
| 20:10 | Construir | Farm |
| 20:11 | Construir | Farm |
| 20:59 | Investigar | Stone Mining |
| 21:02 | Investigar | Gold Mining |
| 21:41 | Construir | House |
| 22:05 | Construir | House |
| 22:38 | Edad | Edad de los Castillos |
| 22:42 | Crear | Villager (Male) |
| 22:42 | Crear | Villager (Male) |
| 22:42 | Crear | Villager (Male) |
| 22:42 | Crear | Villager (Male) |
| 22:49 | Investigar | Bow Saw |
| 22:56 | Construir | Monastery |
| 23:10 | Construir | Lumber Camp |
| 23:37 | Crear | Knight |
| 23:37 | Crear | Knight |
| 23:42 | Investigar | Scale Barding Armor |
| 23:59 | Construir | Castle |
| 24:06 | Crear | Monk |
| 24:27 | Investigar | Town Watch |
| 24:48 | Crear | Knight |
| 24:56 | Crear | Villager (Male) |
| 24:56 | Crear | Villager (Male) |
| 25:20 | Construir | Town Center |
| 25:37 | Construir | Mining Camp |
| 25:39 | Crear | Petard |
| 25:39 | Crear | Petard |
| 25:40 | Crear | Throwing Axeman |
| 25:40 | Crear | Throwing Axeman |
| 26:17 | Crear | Throwing Axeman |
| 26:26 | Crear | Villager (Male) |
| 26:32 | Investigar | Gold Shaft Mining |
| 27:01 | Crear | Throwing Axeman |
| 27:15 | Crear | Villager (Male) |
| 28:47 | Construir | Castle |
| 29:07 | Construir | University |
| 30:06 | Crear | Petard |
| 30:18 | Investigar | Murder Holes |
| 30:30 | Crear | Petard |
| 30:45 | Construir | Siege Workshop |
| 30:52 | Crear | Petard |
| 31:37 | Crear | Mangonel |
| 31:54 | Construir | Town Center |
| 32:06 | Construir | Lumber Camp |
| 32:21 | Crear | Villager (Male) |
| 32:22 | Investigar | Wheelbarrow |
| 32:39 | Crear | Mangonel |
| 32:50 | Construir | Stable |
| 33:01 | Construir | Farm |
| 33:18 | Crear | Scorpion |
| 33:32 | Investigar | Forging |
| 34:04 | Crear | Scorpion |
| 34:48 | Construir | Barracks |
| 34:49 | Construir | Barracks |
| 35:22 | Investigar | Imperial Age |
| 35:28 | Construir | Farm |
| 35:29 | Construir | Farm |
| 35:30 | Construir | Farm |
| 35:30 | Construir | Farm |
| 35:30 | Construir | Farm |
| 35:30 | Construir | Farm |
| 35:31 | Construir | Farm |
| 35:41 | Construir | Farm |
| 35:42 | Construir | Farm |
| 35:42 | Construir | Farm |
| 35:43 | Construir | Farm |
| 35:43 | Construir | Farm |
| 35:43 | Construir | Farm |
| 36:03 | Crear | Knight |
| 36:03 | Crear | Knight |
| 36:08 | Crear | Knight |
| 36:08 | Crear | Knight |
| 36:36 | Construir | Castle |
| 36:49 | Crear | Scorpion |
| 36:58 | Investigar | Husbandry |
| 37:05 | Construir | Stable |
| 37:14 | Crear | Villager (Male) |
| 37:18 | Crear | Villager (Male) |
| 37:19 | Crear | Villager (Male) |
| 37:19 | Crear | Villager (Male) |
| 37:43 | Crear | Scorpion |
| 38:04 | Crear | Villager (Male) |
| 38:04 | Crear | Villager (Male) |
| 38:04 | Crear | Villager (Male) |
Build order — Friedeggplant
Primeras 150 de 660 acciones detectadas
| 0:14 | Investigar | Loom |
| 0:15 | Crear | Villager (Male) |
| 0:16 | Crear | Villager (Male) |
| 0:16 | Crear | Villager (Male) |
| 0:16 | Crear | Villager (Male) |
| 0:16 | Crear | Villager (Male) |
| 0:39 | Construir | House |
| 0:41 | Construir | House |
| 0:42 | Construir | House |
| 0:43 | Construir | House |
| 3:03 | Construir | House |
| 3:03 | Construir | House |
| 3:04 | Construir | House |
| 3:05 | Construir | House |
| 3:10 | Crear | Villager (Male) |
| 3:10 | Crear | Villager (Male) |
| 3:10 | Crear | Villager (Male) |
| 3:43 | Crear | Villager (Male) |
| 3:43 | Crear | Villager (Male) |
| 4:22 | Crear | Villager (Male) |
| 4:42 | Crear | Villager (Male) |
| 5:12 | Crear | Villager (Male) |
| 5:31 | Crear | Villager (Male) |
| 5:32 | Crear | Villager (Male) |
| 6:08 | Crear | Villager (Male) |
| 6:22 | Crear | Villager (Male) |
| 6:55 | Crear | Villager (Male) |
| 6:55 | Crear | Villager (Male) |
| 7:05 | Construir | Lumber Camp |
| 8:05 | Construir | Mill |
| 9:10 | Crear | Villager (Male) |
| 9:10 | Crear | Villager (Male) |
| 9:10 | Crear | Villager (Male) |
| 9:10 | Crear | Villager (Male) |
| 9:18 | Crear | Villager (Male) |
| 9:18 | Crear | Villager (Male) |
| 9:18 | Crear | Villager (Male) |
| 9:19 | Crear | Villager (Male) |
| 9:41 | Crear | Villager (Male) |
| 10:07 | Construir | Lumber Camp |
| 11:35 | Crear | Villager (Male) |
| 11:35 | Crear | Villager (Male) |
| 11:36 | Crear | Villager (Male) |
| 11:36 | Crear | Villager (Male) |
| 11:36 | Crear | Villager (Male) |
| 11:37 | Crear | Villager (Male) |
| 11:37 | Crear | Villager (Male) |
| 11:38 | Crear | Villager (Male) |
| 11:50 | Construir | Farm |
| 12:14 | Construir | Mining Camp |
| 12:31 | Crear | Villager (Male) |
| 12:31 | Crear | Villager (Male) |
| 13:22 | Crear | Villager (Male) |
| 13:52 | Construir | Mining Camp |
| 15:30 | Construir | Farm |
| 15:54 | Investigar | Feudal Age |
| 16:16 | Construir | Farm |
| 16:17 | Construir | Farm |
| 16:19 | Construir | Farm |
| 16:20 | Construir | Farm |
| 16:20 | Construir | Farm |
| 16:21 | Construir | Farm |
| 16:23 | Construir | Farm |
| 16:24 | Construir | Farm |
| 16:25 | Construir | Farm |
| 16:28 | Construir | Farm |
| 16:31 | Construir | Farm |
| 16:46 | Construir | Barracks |
| 16:47 | Construir | Barracks |
| 16:49 | Construir | Barracks |
| 16:50 | Construir | Barracks |
| 16:52 | Construir | Barracks |
| 16:53 | Construir | Barracks |
| 19:15 | Edad | Edad Feudal |
| 19:23 | Construir | Market |
| 19:26 | Construir | Blacksmith |
| 20:08 | Construir | Blacksmith |
| 20:19 | Investigar | Double-Bit Axe |
| 20:21 | Investigar | Horse Collar |
| 20:23 | Investigar | Wheelbarrow |
| 20:30 | Investigar | Castle Age |
| 20:34 | Investigar | Gold Mining |
| 20:49 | Crear | Spearman |
| 20:49 | Crear | Spearman |
| 20:50 | Crear | Spearman |
| 21:14 | Investigar | Man-at-Arms (upgrade) |
| 21:14 | Investigar | Man-at-Arms (upgrade) |
| 21:14 | Investigar | Man-at-Arms (upgrade) |
| 21:17 | Investigar | Forging |
| 21:17 | Investigar | Scale Mail Armor |
| 21:19 | Crear | Spearman |
| 21:19 | Crear | Spearman |
| 21:20 | Crear | Spearman |
| 21:35 | Crear | Militia |
| 21:35 | Crear | Militia |
| 22:02 | Crear | Spearman |
| 22:02 | Crear | Spearman |
| 22:02 | Crear | Spearman |
| 22:03 | Crear | Militia |
| 22:03 | Crear | Militia |
| 22:04 | Crear | Spearman |
| 22:04 | Crear | Spearman |
| 22:10 | Construir | House |
| 22:11 | Construir | House |
| 22:11 | Construir | House |
| 22:11 | Construir | House |
| 22:12 | Construir | House |
| 22:12 | Construir | House |
| 22:12 | Construir | House |
| 22:13 | Construir | House |
| 22:13 | Construir | House |
| 22:13 | Construir | House |
| 22:13 | Construir | House |
| 22:14 | Construir | House |
| 22:14 | Construir | House |
| 22:14 | Construir | House |
| 22:14 | Construir | House |
| 22:15 | Construir | House |
| 22:15 | Construir | House |
| 22:15 | Construir | House |
| 22:15 | Construir | House |
| 22:16 | Construir | House |
| 22:16 | Construir | House |
| 22:16 | Construir | House |
| 22:17 | Construir | House |
| 22:29 | Crear | Spearman |
| 22:29 | Crear | Spearman |
| 22:29 | Crear | Spearman |
| 22:30 | Crear | Spearman |
| 22:54 | Construir | House |
| 23:00 | Crear | Spearman |
| 23:00 | Crear | Spearman |
| 23:00 | Crear | Spearman |
| 23:00 | Crear | Spearman |
| 23:01 | Crear | Spearman |
| 23:01 | Crear | Militia |
| 23:01 | Crear | Militia |
| 23:01 | Crear | Militia |
| 23:10 | Edad | Edad de los Castillos |
| 23:13 | Investigar | Squires |
| 23:41 | Investigar | Pikeman (upgrade) |
| 24:11 | Crear | Spearman |
| 24:12 | Crear | Spearman |
| 24:12 | Crear | Spearman |
| 24:12 | Crear | Spearman |
| 24:12 | Crear | Spearman |
| 24:13 | Crear | Spearman |
| 24:13 | Crear | Spearman |
| 24:13 | Crear | Spearman |
| 24:14 | Crear | Spearman |
Build order — MY English is poor
Primeras 150 de 522 acciones detectadas
| 0:16 | Construir | House |
| 0:20 | Crear | Villager (Male) |
| 0:20 | Crear | Villager (Male) |
| 0:20 | Crear | Villager (Male) |
| 0:20 | Crear | Villager (Male) |
| 0:54 | Construir | House |
| 0:56 | Construir | House |
| 0:58 | Construir | House |
| 1:47 | Crear | Villager (Male) |
| 1:47 | Crear | Villager (Male) |
| 2:19 | Crear | Villager (Male) |
| 2:49 | Investigar | Loom |
| 2:50 | Crear | Villager (Male) |
| 3:19 | Crear | Villager (Male) |
| 3:19 | Crear | Villager (Male) |
| 3:57 | Crear | Villager (Male) |
| 4:54 | Crear | Villager (Male) |
| 4:54 | Crear | Villager (Male) |
| 4:55 | Crear | Villager (Male) |
| 5:34 | Crear | Villager (Male) |
| 5:34 | Crear | Villager (Male) |
| 5:34 | Crear | Villager (Male) |
| 5:35 | Crear | Villager (Male) |
| 5:58 | Crear | Villager (Male) |
| 5:58 | Crear | Villager (Male) |
| 6:18 | Construir | Lumber Camp |
| 7:42 | Crear | Villager (Male) |
| 7:42 | Crear | Villager (Male) |
| 7:42 | Crear | Villager (Male) |
| 7:42 | Crear | Villager (Male) |
| 7:45 | Crear | Villager (Male) |
| 7:45 | Crear | Villager (Male) |
| 8:14 | Construir | Mill |
| 8:51 | Crear | Villager (Male) |
| 8:51 | Crear | Villager (Male) |
| 9:09 | Construir | House |
| 10:16 | Investigar | Feudal Age |
| 10:39 | Construir | Lumber Camp |
| 11:42 | Construir | Mining Camp |
| 12:21 | Construir | Farm |
| 12:22 | Construir | Farm |
| 12:25 | Construir | Farm |
| 12:35 | Crear | Villager (Male) |
| 12:35 | Edad | Edad Feudal |
| 12:52 | Construir | Market |
| 13:00 | Construir | Blacksmith |
| 13:12 | Construir | Farm |
| 13:15 | Crear | Villager (Male) |
| 13:44 | Crear | Villager (Male) |
| 13:50 | Construir | House |
| 14:28 | Investigar | Castle Age |
| 14:44 | Construir | House |
| 14:49 | Construir | House |
| 14:49 | Construir | House |
| 15:10 | Construir | Mining Camp |
| 15:21 | Investigar | Horse Collar |
| 15:23 | Investigar | Double-Bit Axe |
| 15:46 | Construir | Farm |
| 15:47 | Construir | Farm |
| 15:48 | Construir | Farm |
| 15:49 | Construir | Farm |
| 15:52 | Construir | Farm |
| 15:53 | Construir | Farm |
| 15:55 | Construir | Farm |
| 15:56 | Construir | Farm |
| 16:17 | Investigar | Stone Mining |
| 16:26 | Crear | Villager (Male) |
| 16:27 | Crear | Villager (Male) |
| 16:27 | Crear | Villager (Male) |
| 17:08 | Edad | Edad de los Castillos |
| 17:25 | Construir | Town Center |
| 18:06 | Crear | Villager (Male) |
| 18:06 | Crear | Villager (Male) |
| 18:06 | Crear | Villager (Male) |
| 18:18 | Investigar | Bow Saw |
| 18:21 | Investigar | Heavy Plow |
| 18:45 | Crear | Villager (Male) |
| 18:45 | Crear | Villager (Male) |
| 19:01 | Crear | Villager (Male) |
| 19:28 | Construir | Farm |
| 20:00 | Crear | Trade Cart |
| 20:00 | Crear | Trade Cart |
| 20:00 | Crear | Trade Cart |
| 20:24 | Crear | Villager (Male) |
| 20:25 | Crear | Villager (Male) |
| 20:25 | Crear | Villager (Male) |
| 20:25 | Crear | Villager (Male) |
| 20:27 | Crear | Villager (Male) |
| 20:28 | Crear | Villager (Male) |
| 20:28 | Crear | Villager (Male) |
| 20:36 | Construir | Farm |
| 20:37 | Construir | Farm |
| 20:39 | Construir | Farm |
| 20:40 | Construir | Farm |
| 20:41 | Construir | Farm |
| 20:42 | Construir | Farm |
| 20:44 | Construir | Farm |
| 20:46 | Construir | Farm |
| 20:53 | Crear | Villager (Male) |
| 20:54 | Crear | Villager (Male) |
| 21:00 | Crear | Villager (Male) |
| 21:59 | Crear | Villager (Male) |
| 22:04 | Crear | Villager (Male) |
| 22:27 | Construir | House |
| 22:28 | Construir | House |
| 22:30 | Construir | House |
| 22:32 | Construir | House |
| 22:33 | Construir | House |
| 22:35 | Construir | House |
| 22:37 | Construir | House |
| 22:45 | Crear | Villager (Male) |
| 22:46 | Crear | Villager (Male) |
| 22:46 | Crear | Villager (Male) |
| 22:50 | Crear | Villager (Male) |
| 22:50 | Crear | Villager (Male) |
| 22:57 | Investigar | Wheelbarrow |
| 23:02 | Crear | Trade Cart |
| 23:02 | Crear | Trade Cart |
| 23:03 | Crear | Trade Cart |
| 23:03 | Crear | Trade Cart |
| 23:03 | Crear | Trade Cart |
| 23:03 | Crear | Trade Cart |
| 23:09 | Investigar | Caravan |
| 23:10 | Crear | Trade Cart |
| 23:10 | Crear | Trade Cart |
| 23:10 | Crear | Trade Cart |
| 23:11 | Crear | Trade Cart |
| 23:11 | Crear | Trade Cart |
| 23:21 | Construir | Farm |
| 23:30 | Construir | Farm |
| 23:36 | Crear | Villager (Male) |
| 23:36 | Crear | Villager (Male) |
| 23:36 | Crear | Villager (Male) |
| 23:37 | Crear | Villager (Male) |
| 25:04 | Crear | Trade Cart |
| 25:04 | Crear | Trade Cart |
| 25:04 | Crear | Trade Cart |
| 25:16 | Crear | Villager (Male) |
| 25:17 | Crear | Villager (Male) |
| 25:17 | Crear | Villager (Male) |
| 25:17 | Crear | Villager (Male) |
| 25:17 | Crear | Villager (Male) |
| 25:22 | Investigar | Hand Cart |
| 26:11 | Construir | Castle |
| 26:18 | Crear | Villager (Male) |
| 26:18 | Crear | Villager (Male) |
| 26:19 | Crear | Villager (Male) |
| 26:34 | Crear | Villager (Male) |
| 26:34 | Crear | Villager (Male) |
| 26:35 | Crear | Villager (Male) |
Build order — LooneyNZ
Primeras 150 de 493 acciones detectadas
| 0:02 | Crear | Villager (Male) |
| 0:02 | Crear | Villager (Male) |
| 0:02 | Crear | Villager (Male) |
| 0:04 | Construir | House |
| 0:06 | Construir | House |
| 0:33 | Crear | Villager (Male) |
| 0:33 | Crear | Villager (Male) |
| 0:33 | Crear | Villager (Male) |
| 0:33 | Crear | Villager (Male) |
| 1:26 | Crear | Villager (Male) |
| 1:47 | Construir | Lumber Camp |
| 2:11 | Crear | Villager (Male) |
| 2:51 | Crear | Villager (Male) |
| 2:52 | Crear | Villager (Male) |
| 2:52 | Crear | Villager (Male) |
| 2:52 | Crear | Villager (Male) |
| 2:52 | Crear | Villager (Male) |
| 3:17 | Crear | Villager (Male) |
| 4:15 | Construir | House |
| 4:19 | Crear | Villager (Male) |
| 4:19 | Crear | Villager (Male) |
| 4:19 | Crear | Villager (Male) |
| 4:53 | Crear | Villager (Male) |
| 4:53 | Crear | Villager (Male) |
| 4:53 | Crear | Villager (Male) |
| 4:53 | Crear | Villager (Male) |
| 5:40 | Construir | House |
| 5:47 | Crear | Villager (Male) |
| 6:10 | Crear | Villager (Male) |
| 7:13 | Crear | Villager (Male) |
| 7:13 | Crear | Villager (Male) |
| 7:13 | Crear | Villager (Male) |
| 7:13 | Crear | Villager (Male) |
| 7:13 | Crear | Villager (Male) |
| 7:13 | Crear | Villager (Male) |
| 7:13 | Crear | Villager (Male) |
| 7:22 | Crear | Villager (Male) |
| 7:46 | Crear | Villager (Male) |
| 7:47 | Crear | Villager (Male) |
| 7:47 | Crear | Villager (Male) |
| 7:55 | Crear | Villager (Male) |
| 7:55 | Crear | Villager (Male) |
| 8:07 | Crear | Villager (Male) |
| 8:18 | Crear | Villager (Male) |
| 8:18 | Crear | Villager (Male) |
| 8:18 | Crear | Villager (Male) |
| 8:19 | Crear | Villager (Male) |
| 8:19 | Crear | Villager (Male) |
| 8:34 | Crear | Villager (Male) |
| 8:34 | Crear | Villager (Male) |
| 8:34 | Crear | Villager (Male) |
| 8:34 | Crear | Villager (Male) |
| 8:41 | Construir | House |
| 9:22 | Construir | Mining Camp |
| 9:37 | Construir | Mill |
| 10:00 | Investigar | Feudal Age |
| 10:04 | Construir | Farm |
| 10:04 | Construir | Farm |
| 10:04 | Construir | Farm |
| 10:05 | Construir | Farm |
| 10:05 | Construir | Farm |
| 10:06 | Construir | Farm |
| 10:06 | Construir | Farm |
| 10:10 | Construir | Farm |
| 10:11 | Construir | Farm |
| 11:41 | Crear | Villager (Male) |
| 11:41 | Crear | Villager (Male) |
| 12:19 | Edad | Edad Feudal |
| 12:25 | Construir | Market |
| 12:30 | Construir | Blacksmith |
| 13:20 | Investigar | Castle Age |
| 13:20 | Investigar | Castle Age |
| 13:20 | Investigar | Castle Age |
| 13:26 | Construir | Barracks |
| 13:30 | Construir | House |
| 14:04 | Investigar | Double-Bit Axe |
| 14:57 | Crear | Spearman |
| 14:57 | Crear | Spearman |
| 15:21 | Investigar | Wheelbarrow |
| 15:22 | Crear | Villager (Male) |
| 16:00 | Edad | Edad de los Castillos |
| 16:05 | Construir | Town Center |
| 16:11 | Construir | Town Center |
| 16:17 | Crear | Villager (Male) |
| 16:51 | Construir | Farm |
| 16:52 | Construir | Farm |
| 16:54 | Construir | Farm |
| 16:55 | Construir | Farm |
| 17:23 | Crear | Villager (Male) |
| 17:23 | Crear | Villager (Male) |
| 17:23 | Crear | Villager (Male) |
| 17:23 | Crear | Villager (Male) |
| 17:53 | Crear | Villager (Male) |
| 17:53 | Crear | Villager (Male) |
| 18:00 | Construir | Farm |
| 18:03 | Construir | Farm |
| 18:05 | Crear | Villager (Male) |
| 18:30 | Construir | Monastery |
| 18:34 | Crear | Villager (Male) |
| 18:34 | Crear | Villager (Male) |
| 18:34 | Crear | Villager (Male) |
| 18:34 | Crear | Villager (Male) |
| 18:43 | Construir | House |
| 18:43 | Construir | House |
| 18:44 | Construir | House |
| 18:44 | Construir | House |
| 18:46 | Construir | House |
| 18:46 | Construir | House |
| 18:46 | Construir | House |
| 18:53 | Investigar | Loom |
| 18:54 | Crear | Villager (Male) |
| 19:04 | Construir | Mining Camp |
| 19:06 | Crear | Villager (Male) |
| 19:19 | Crear | Villager (Male) |
| 19:42 | Crear | Villager (Male) |
| 19:43 | Crear | Villager (Male) |
| 19:43 | Crear | Villager (Male) |
| 19:43 | Crear | Villager (Male) |
| 19:43 | Crear | Villager (Male) |
| 19:43 | Crear | Villager (Male) |
| 19:43 | Crear | Villager (Male) |
| 20:13 | Crear | Villager (Male) |
| 20:13 | Crear | Villager (Male) |
| 20:14 | Crear | Villager (Male) |
| 20:23 | Construir | Farm |
| 20:26 | Crear | Villager (Male) |
| 20:34 | Construir | Farm |
| 20:36 | Construir | Farm |
| 20:40 | Investigar | Horse Collar |
| 20:48 | Construir | House |
| 20:52 | Construir | House |
| 20:53 | Construir | House |
| 20:53 | Construir | House |
| 20:54 | Construir | House |
| 20:55 | Construir | House |
| 20:55 | Construir | House |
| 20:56 | Construir | House |
| 20:56 | Construir | House |
| 20:57 | Construir | House |
| 20:57 | Construir | House |
| 21:00 | Crear | Villager (Male) |
| 21:01 | Crear | Villager (Male) |
| 21:01 | Crear | Villager (Male) |
| 21:01 | Crear | Villager (Male) |
| 21:09 | Construir | Farm |
| 21:21 | Crear | Monk |
| 21:26 | Crear | Villager (Male) |
| 21:27 | Crear | Villager (Male) |
| 21:27 | Crear | Villager (Male) |
| 21:35 | Construir | Siege Workshop |
Build order — Deathray
Primeras 150 de 766 acciones detectadas
| 0:01 | Crear | Villager (Male) |
| 0:01 | Crear | Villager (Male) |
| 0:02 | Crear | Villager (Male) |
| 0:03 | Construir | House |
| 0:04 | Construir | House |
| 1:02 | Crear | Villager (Male) |
| 1:40 | Crear | Villager (Male) |
| 1:44 | Construir | Lumber Camp |
| 2:13 | Crear | Villager (Male) |
| 2:34 | Crear | Villager (Male) |
| 2:57 | Crear | Villager (Male) |
| 3:15 | Crear | Villager (Male) |
| 3:31 | Construir | House |
| 3:32 | Construir | House |
| 3:37 | Construir | House |
| 3:48 | Crear | Villager (Male) |
| 4:04 | Crear | Villager (Male) |
| 4:34 | Crear | Villager (Male) |
| 4:37 | Construir | Mill |
| 4:53 | Crear | Villager (Male) |
| 5:19 | Crear | Villager (Male) |
| 5:50 | Construir | Mining Camp |
| 5:51 | Crear | Villager (Male) |
| 5:55 | Crear | Villager (Male) |
| 6:20 | Crear | Villager (Male) |
| 6:57 | Crear | Villager (Male) |
| 7:18 | Construir | House |
| 7:30 | Crear | Villager (Male) |
| 7:30 | Crear | Villager (Male) |
| 7:30 | Crear | Villager (Male) |
| 7:30 | Crear | Villager (Male) |
| 7:31 | Crear | Villager (Male) |
| 7:31 | Crear | Villager (Male) |
| 7:46 | Crear | Villager (Male) |
| 8:01 | Crear | Villager (Male) |
| 8:09 | Crear | Villager (Male) |
| 8:09 | Crear | Villager (Male) |
| 8:09 | Crear | Villager (Male) |
| 8:34 | Construir | Mill |
| 8:39 | Crear | Villager (Male) |
| 9:13 | Crear | Villager (Male) |
| 9:29 | Crear | Villager (Male) |
| 9:29 | Crear | Villager (Male) |
| 9:31 | Crear | Villager (Male) |
| 9:31 | Crear | Villager (Male) |
| 9:31 | Crear | Villager (Male) |
| 9:32 | Crear | Villager (Male) |
| 9:32 | Crear | Villager (Male) |
| 9:32 | Crear | Villager (Male) |
| 9:37 | Investigar | Feudal Age |
| 10:28 | Construir | Farm |
| 10:30 | Construir | Farm |
| 10:35 | Construir | Farm |
| 10:37 | Construir | Farm |
| 11:53 | Edad | Edad Feudal |
| 11:58 | Investigar | Castle Age |
| 12:51 | Investigar | Horse Collar |
| 12:54 | Investigar | Double-Bit Axe |
| 13:11 | Investigar | Wheelbarrow |
| 13:15 | Crear | Villager (Male) |
| 13:16 | Crear | Villager (Male) |
| 14:38 | Edad | Edad de los Castillos |
| 14:41 | Construir | Town Center |
| 14:48 | Construir | Town Center |
| 14:59 | Construir | Farm |
| 15:02 | Construir | Farm |
| 15:05 | Construir | Farm |
| 15:09 | Construir | Farm |
| 15:32 | Construir | Farm |
| 15:42 | Construir | Farm |
| 15:46 | Crear | Villager (Male) |
| 15:46 | Crear | Villager (Male) |
| 15:47 | Crear | Villager (Male) |
| 15:51 | Crear | Villager (Male) |
| 15:51 | Crear | Villager (Male) |
| 15:51 | Crear | Villager (Male) |
| 15:57 | Construir | House |
| 16:05 | Crear | Villager (Male) |
| 16:05 | Crear | Villager (Male) |
| 16:17 | Construir | House |
| 16:18 | Construir | House |
| 16:22 | Crear | Villager (Male) |
| 16:23 | Crear | Villager (Male) |
| 16:23 | Crear | Villager (Male) |
| 16:37 | Crear | Villager (Male) |
| 16:47 | Construir | Farm |
| 16:57 | Construir | Farm |
| 17:02 | Construir | Farm |
| 17:04 | Construir | Farm |
| 17:06 | Crear | Villager (Male) |
| 17:06 | Crear | Villager (Male) |
| 17:07 | Crear | Villager (Male) |
| 17:07 | Crear | Villager (Male) |
| 17:07 | Crear | Villager (Male) |
| 17:13 | Construir | Farm |
| 17:19 | Construir | House |
| 17:20 | Construir | House |
| 17:22 | Crear | Villager (Male) |
| 17:22 | Crear | Villager (Male) |
| 17:28 | Crear | Villager (Male) |
| 17:33 | Construir | Farm |
| 17:37 | Construir | Farm |
| 17:39 | Crear | Villager (Male) |
| 17:40 | Crear | Villager (Male) |
| 17:48 | Crear | Villager (Male) |
| 17:52 | Construir | Farm |
| 17:56 | Construir | Farm |
| 17:57 | Crear | Villager (Male) |
| 17:57 | Crear | Villager (Male) |
| 18:01 | Construir | Farm |
| 18:04 | Crear | Villager (Male) |
| 18:04 | Crear | Villager (Male) |
| 18:15 | Construir | House |
| 18:18 | Crear | Villager (Male) |
| 18:18 | Crear | Villager (Male) |
| 18:19 | Crear | Villager (Male) |
| 18:27 | Construir | Farm |
| 18:30 | Construir | Farm |
| 18:31 | Crear | Villager (Male) |
| 18:35 | Crear | Villager (Male) |
| 18:38 | Construir | House |
| 18:39 | Construir | House |
| 18:40 | Construir | House |
| 18:41 | Construir | House |
| 18:43 | Crear | Villager (Male) |
| 18:44 | Crear | Villager (Male) |
| 18:52 | Crear | Villager (Male) |
| 18:53 | Crear | Villager (Male) |
| 18:53 | Crear | Villager (Male) |
| 19:05 | Construir | Mining Camp |
| 19:07 | Crear | Villager (Male) |
| 19:08 | Crear | Villager (Male) |
| 19:08 | Crear | Villager (Male) |
| 19:08 | Crear | Villager (Male) |
| 19:14 | Crear | Villager (Male) |
| 19:14 | Crear | Villager (Male) |
| 19:27 | Crear | Villager (Male) |
| 19:27 | Crear | Villager (Male) |
| 19:35 | Crear | Villager (Male) |
| 19:35 | Crear | Villager (Male) |
| 19:35 | Crear | Villager (Male) |
| 19:40 | Construir | House |
| 19:41 | Construir | House |
| 19:42 | Construir | House |
| 19:43 | Construir | House |
| 19:44 | Construir | House |
| 19:46 | Construir | House |
| 19:49 | Crear | Villager (Male) |
| 19:49 | Crear | Villager (Male) |
| 19:49 | Crear | Villager (Male) |
Build order — AOE2
Primeras 150 de 357 acciones detectadas
| 0:02 | Investigar | Loom |
| 0:03 | Crear | Villager (Male) |
| 0:03 | Crear | Villager (Male) |
| 0:03 | Crear | Villager (Male) |
| 0:04 | Crear | Villager (Male) |
| 0:04 | Crear | Villager (Male) |
| 0:06 | Construir | House |
| 0:08 | Construir | House |
| 0:10 | Construir | House |
| 1:50 | Crear | Villager (Male) |
| 2:25 | Crear | Villager (Male) |
| 2:26 | Crear | Villager (Male) |
| 2:44 | Crear | Villager (Male) |
| 3:07 | Crear | Villager (Male) |
| 3:25 | Crear | Villager (Male) |
| 4:05 | Crear | Villager (Male) |
| 4:05 | Crear | Villager (Male) |
| 4:46 | Construir | Mill |
| 5:11 | Crear | Villager (Male) |
| 5:12 | Crear | Villager (Male) |
| 5:12 | Crear | Villager (Male) |
| 5:12 | Crear | Villager (Male) |
| 5:39 | Construir | Lumber Camp |
| 6:01 | Crear | Villager (Male) |
| 6:01 | Crear | Villager (Male) |
| 6:53 | Crear | Villager (Male) |
| 6:53 | Crear | Villager (Male) |
| 6:54 | Crear | Villager (Male) |
| 6:54 | Crear | Villager (Male) |
| 6:54 | Crear | Villager (Male) |
| 7:02 | Crear | Villager (Male) |
| 7:26 | Construir | House |
| 7:36 | Construir | House |
| 8:15 | Crear | Villager (Male) |
| 8:16 | Crear | Villager (Male) |
| 9:42 | Construir | Mining Camp |
| 10:18 | Construir | Mining Camp |
| 10:44 | Crear | Villager (Male) |
| 11:17 | Investigar | Feudal Age |
| 11:46 | Construir | Farm |
| 11:47 | Construir | Farm |
| 11:49 | Construir | Farm |
| 11:50 | Construir | Farm |
| 11:51 | Construir | Farm |
| 11:52 | Construir | Farm |
| 11:54 | Construir | Farm |
| 13:27 | Edad | Edad Feudal |
| 13:36 | Construir | Market |
| 13:46 | Investigar | Wheelbarrow |
| 13:55 | Construir | Blacksmith |
| 13:59 | Construir | House |
| 14:03 | Construir | House |
| 14:04 | Construir | House |
| 16:23 | Construir | House |
| 16:24 | Construir | House |
| 16:25 | Construir | House |
| 16:31 | Investigar | Castle Age |
| 17:15 | Investigar | Horse Collar |
| 17:18 | Investigar | Double-Bit Axe |
| 17:52 | Investigar | Stone Mining |
| 17:58 | Construir | House |
| 18:00 | Construir | House |
| 18:23 | Investigar | Gold Mining |
| 19:11 | Edad | Edad de los Castillos |
| 19:18 | Construir | Town Center |
| 19:24 | Construir | Town Center |
| 19:33 | Construir | Town Center |
| 19:50 | Crear | Villager (Male) |
| 19:50 | Crear | Villager (Male) |
| 19:51 | Crear | Villager (Male) |
| 19:51 | Crear | Villager (Male) |
| 19:51 | Crear | Villager (Male) |
| 20:09 | Construir | Farm |
| 20:11 | Construir | Farm |
| 20:46 | Crear | Villager (Male) |
| 20:46 | Crear | Villager (Male) |
| 20:46 | Crear | Villager (Male) |
| 20:47 | Crear | Villager (Male) |
| 20:58 | Crear | Villager (Male) |
| 21:15 | Construir | Farm |
| 21:31 | Crear | Villager (Male) |
| 21:32 | Crear | Villager (Male) |
| 21:32 | Crear | Villager (Male) |
| 21:32 | Crear | Villager (Male) |
| 21:49 | Construir | Farm |
| 22:00 | Construir | Farm |
| 22:05 | Construir | Farm |
| 22:07 | Construir | Farm |
| 22:13 | Construir | Farm |
| 22:26 | Construir | Farm |
| 23:04 | Crear | Villager (Male) |
| 23:05 | Crear | Villager (Male) |
| 23:07 | Crear | Villager (Male) |
| 23:07 | Crear | Villager (Male) |
| 23:16 | Crear | Villager (Male) |
| 23:16 | Crear | Villager (Male) |
| 23:33 | Crear | Villager (Male) |
| 23:38 | Construir | Farm |
| 23:39 | Construir | Farm |
| 23:40 | Construir | Farm |
| 23:42 | Construir | Farm |
| 23:43 | Construir | Farm |
| 23:44 | Construir | Farm |
| 23:46 | Construir | Farm |
| 23:48 | Construir | Farm |
| 23:50 | Construir | Farm |
| 23:50 | Construir | Farm |
| 23:52 | Construir | Farm |
| 24:06 | Crear | Villager (Male) |
| 24:06 | Crear | Villager (Male) |
| 24:09 | Crear | Villager (Male) |
| 24:09 | Crear | Villager (Male) |
| 24:13 | Construir | Farm |
| 24:14 | Construir | Farm |
| 24:15 | Construir | Farm |
| 24:17 | Construir | Farm |
| 24:19 | Construir | Farm |
| 24:21 | Crear | Villager (Male) |
| 24:22 | Crear | Villager (Male) |
| 24:26 | Crear | Villager (Male) |
| 24:33 | Construir | Farm |
| 24:34 | Construir | Farm |
| 24:36 | Construir | Farm |
| 24:38 | Construir | Farm |
| 24:41 | Crear | Villager (Male) |
| 24:42 | Crear | Villager (Male) |
| 24:49 | Crear | Villager (Male) |
| 24:54 | Crear | Villager (Male) |
| 25:07 | Crear | Villager (Male) |
| 25:21 | Construir | University |
| 25:34 | Construir | House |
| 25:35 | Construir | House |
| 25:36 | Construir | House |
| 25:37 | Construir | House |
| 25:40 | Construir | House |
| 25:42 | Construir | House |
| 25:43 | Construir | House |
| 25:49 | Crear | Villager (Male) |
| 25:49 | Crear | Villager (Male) |
| 25:51 | Crear | Villager (Male) |
| 25:54 | Crear | Villager (Male) |
| 25:54 | Crear | Villager (Male) |
| 25:58 | Crear | Villager (Male) |
| 25:58 | Crear | Villager (Male) |
| 26:36 | Crear | Villager (Male) |
| 26:36 | Crear | Villager (Male) |
| 26:45 | Crear | Villager (Male) |
| 26:53 | Crear | Villager (Male) |
| 26:53 | Crear | Villager (Male) |
| 26:53 | Crear | Villager (Male) |
Build order — Dante_in_the_deep
Primeras 150 de 642 acciones detectadas
| 0:02 | Crear | Villager (Male) |
| 0:02 | Crear | Villager (Male) |
| 0:02 | Crear | Villager (Male) |
| 0:02 | Crear | Villager (Male) |
| 0:03 | Crear | Villager (Male) |
| 0:04 | Construir | House |
| 0:05 | Construir | House |
| 1:23 | Crear | Villager (Male) |
| 1:23 | Crear | Villager (Male) |
| 1:23 | Crear | Villager (Male) |
| 1:41 | Crear | Villager (Male) |
| 1:41 | Crear | Villager (Male) |
| 1:41 | Crear | Villager (Male) |
| 2:11 | Construir | Lumber Camp |
| 2:13 | Crear | Villager (Male) |
| 2:13 | Crear | Villager (Male) |
| 3:01 | Crear | Villager (Male) |
| 3:01 | Crear | Villager (Male) |
| 3:02 | Crear | Villager (Male) |
| 3:07 | Crear | Villager (Male) |
| 3:44 | Crear | Villager (Male) |
| 3:44 | Crear | Villager (Male) |
| 3:44 | Crear | Villager (Male) |
| 3:44 | Crear | Villager (Male) |
| 3:55 | Construir | House |
| 3:56 | Construir | House |
| 4:44 | Crear | Villager (Male) |
| 4:44 | Crear | Villager (Male) |
| 4:44 | Crear | Villager (Male) |
| 4:45 | Crear | Villager (Male) |
| 5:22 | Crear | Villager (Male) |
| 5:22 | Crear | Villager (Male) |
| 5:23 | Crear | Villager (Male) |
| 5:23 | Crear | Villager (Male) |
| 5:44 | Construir | Mill |
| 6:16 | Crear | Villager (Male) |
| 6:17 | Crear | Villager (Male) |
| 6:17 | Crear | Villager (Male) |
| 7:13 | Construir | Mining Camp |
| 7:24 | Construir | House |
| 7:39 | Crear | Villager (Male) |
| 8:04 | Investigar | Loom |
| 8:09 | Crear | Villager (Male) |
| 8:11 | Investigar | Loom |
| 8:51 | Investigar | Feudal Age |
| 10:27 | Construir | Lumber Camp |
| 10:33 | Crear | Villager (Male) |
| 10:33 | Crear | Villager (Male) |
| 10:33 | Crear | Villager (Male) |
| 10:40 | Construir | Farm |
| 10:43 | Construir | Farm |
| 10:46 | Construir | Farm |
| 10:50 | Crear | Villager (Male) |
| 10:50 | Crear | Villager (Male) |
| 10:51 | Crear | Villager (Male) |
| 11:03 | Construir | Mining Camp |
| 11:32 | Crear | Villager (Male) |
| 11:32 | Crear | Villager (Male) |
| 11:54 | Edad | Edad Feudal |
| 12:00 | Construir | Blacksmith |
| 12:06 | Construir | Market |
| 12:15 | Construir | House |
| 12:17 | Construir | House |
| 12:21 | Crear | Villager (Male) |
| 12:22 | Crear | Villager (Male) |
| 12:22 | Crear | Villager (Male) |
| 12:59 | Construir | Farm |
| 12:59 | Construir | Farm |
| 13:03 | Construir | Farm |
| 13:07 | Construir | Farm |
| 13:24 | Construir | Farm |
| 13:48 | Crear | Villager (Male) |
| 13:48 | Crear | Villager (Male) |
| 14:10 | Construir | Mill |
| 14:16 | Crear | Villager (Male) |
| 14:32 | Construir | Farm |
| 14:46 | Crear | Villager (Male) |
| 14:51 | Construir | Farm |
| 15:21 | Investigar | Castle Age |
| 15:47 | Investigar | Double-Bit Axe |
| 16:29 | Crear | Villager (Male) |
| 16:29 | Crear | Villager (Male) |
| 16:52 | Construir | Farm |
| 16:59 | Investigar | Horse Collar |
| 17:01 | Crear | Villager (Male) |
| 17:56 | Construir | Farm |
| 17:56 | Construir | Farm |
| 17:56 | Construir | Farm |
| 18:08 | Edad | Edad de los Castillos |
| 18:30 | Construir | Castle |
| 18:34 | Crear | Villager (Male) |
| 18:34 | Crear | Villager (Male) |
| 18:43 | Crear | Villager (Male) |
| 18:43 | Crear | Villager (Male) |
| 18:44 | Crear | Villager (Male) |
| 18:44 | Crear | Villager (Male) |
| 19:08 | Investigar | Fletching |
| 19:24 | Construir | Town Center |
| 19:28 | Crear | Villager (Male) |
| 19:29 | Crear | Villager (Male) |
| 19:29 | Crear | Villager (Male) |
| 20:15 | Crear | Villager (Male) |
| 20:15 | Crear | Villager (Male) |
| 20:22 | Investigar | Bow Saw |
| 20:26 | Investigar | Heavy Plow |
| 20:39 | Crear | Villager (Male) |
| 20:40 | Crear | Villager (Male) |
| 20:40 | Crear | Villager (Male) |
| 20:40 | Crear | Villager (Male) |
| 20:40 | Crear | Villager (Male) |
| 20:46 | Crear | Rattan Archer |
| 20:46 | Crear | Rattan Archer |
| 20:47 | Crear | Rattan Archer |
| 20:47 | Crear | Rattan Archer |
| 20:47 | Crear | Rattan Archer |
| 20:47 | Crear | Rattan Archer |
| 20:47 | Crear | Rattan Archer |
| 20:48 | Crear | Rattan Archer |
| 20:55 | Construir | House |
| 20:56 | Construir | House |
| 20:59 | Construir | House |
| 21:00 | Construir | House |
| 21:02 | Construir | House |
| 21:03 | Construir | House |
| 21:04 | Construir | House |
| 21:06 | Construir | House |
| 21:08 | Construir | House |
| 21:10 | Construir | House |
| 21:12 | Construir | House |
| 21:15 | Construir | House |
| 21:44 | Crear | Rattan Archer |
| 21:45 | Crear | Rattan Archer |
| 21:45 | Crear | Rattan Archer |
| 21:45 | Crear | Rattan Archer |
| 21:45 | Crear | Rattan Archer |
| 21:46 | Crear | Rattan Archer |
| 22:17 | Crear | Rattan Archer |
| 22:17 | Crear | Rattan Archer |
| 22:17 | Crear | Rattan Archer |
| 22:47 | Crear | Rattan Archer |
| 22:47 | Crear | Rattan Archer |
| 22:48 | Crear | Rattan Archer |
| 22:59 | Crear | Villager (Male) |
| 22:59 | Crear | Villager (Male) |
| 23:00 | Crear | Villager (Male) |
| 23:00 | Crear | Villager (Male) |
| 23:00 | Crear | Villager (Male) |
| 23:00 | Crear | Villager (Male) |
| 23:18 | Construir | Barracks |
| 23:19 | Construir | Barracks |
Build order — 进击的菜鸟
Primeras 150 de 202 acciones detectadas
| 0:10 | Crear | Villager (Male) |
| 0:10 | Crear | Villager (Male) |
| 0:11 | Crear | Villager (Male) |
| 0:11 | Crear | Villager (Male) |
| 0:11 | Crear | Villager (Male) |
| 0:12 | Crear | Villager (Male) |
| 0:33 | Construir | House |
| 1:01 | Construir | House |
| 2:02 | Crear | Villager (Male) |
| 2:03 | Crear | Villager (Male) |
| 2:20 | Construir | Lumber Camp |
| 2:40 | Construir | House |
| 2:42 | Crear | Villager (Male) |
| 3:04 | Crear | Villager (Male) |
| 3:04 | Crear | Villager (Male) |
| 3:32 | Crear | Villager (Male) |
| 4:02 | Crear | Villager (Male) |
| 4:02 | Crear | Villager (Male) |
| 4:38 | Crear | Villager (Male) |
| 4:38 | Crear | Villager (Male) |
| 5:35 | Crear | Villager (Male) |
| 5:36 | Crear | Villager (Male) |
| 6:01 | Crear | Villager (Male) |
| 6:41 | Construir | House |
| 6:44 | Crear | Villager (Male) |
| 6:44 | Crear | Villager (Male) |
| 6:52 | Construir | Mill |
| 6:59 | Crear | Villager (Male) |
| 7:00 | Crear | Villager (Male) |
| 7:47 | Crear | Villager (Male) |
| 7:49 | Crear | Villager (Male) |
| 8:10 | Crear | Villager (Male) |
| 8:42 | Crear | Villager (Male) |
| 9:38 | Investigar | Feudal Age |
| 9:43 | Construir | Mining Camp |
| 9:58 | Construir | Farm |
| 10:04 | Construir | Farm |
| 10:17 | Construir | House |
| 10:38 | Construir | Farm |
| 10:39 | Construir | Farm |
| 10:57 | Construir | Farm |
| 11:25 | Crear | Villager (Male) |
| 11:26 | Crear | Villager (Male) |
| 11:56 | Edad | Edad Feudal |
| 12:06 | Construir | Market |
| 12:29 | Construir | Blacksmith |
| 12:58 | Construir | Barracks |
| 13:20 | Investigar | Castle Age |
| 13:24 | Investigar | Double-Bit Axe |
| 14:03 | Construir | House |
| 14:09 | Investigar | Gold Mining |
| 14:45 | Construir | Stable |
| 14:57 | Crear | Villager (Male) |
| 14:57 | Crear | Villager (Male) |
| 15:04 | Construir | Farm |
| 15:06 | Construir | Farm |
| 15:32 | Construir | Farm |
| 15:50 | Crear | Villager (Male) |
| 16:00 | Edad | Edad de los Castillos |
| 16:03 | Crear | Knight |
| 16:03 | Crear | Knight |
| 16:03 | Crear | Knight |
| 16:29 | Construir | Siege Workshop |
| 16:39 | Investigar | Husbandry |
| 16:47 | Construir | Farm |
| 16:50 | Construir | Farm |
| 17:06 | Crear | Villager (Male) |
| 17:15 | Crear | Battering Ram |
| 17:32 | Crear | Villager (Male) |
| 17:50 | Construir | House |
| 17:58 | Crear | Knight |
| 18:11 | Crear | Battering Ram |
| 18:22 | Construir | House |
| 18:35 | Crear | Knight |
| 18:57 | Crear | Battering Ram |
| 19:05 | Construir | House |
| 19:08 | Crear | Villager (Male) |
| 19:20 | Construir | Farm |
| 19:27 | Crear | Knight |
| 19:31 | Crear | Villager (Male) |
| 19:41 | Construir | House |
| 19:48 | Crear | Knight |
| 20:13 | Crear | Battering Ram |
| 20:20 | Construir | House |
| 20:23 | Crear | Villager (Male) |
| 20:23 | Crear | Villager (Male) |
| 20:29 | Crear | Knight |
| 20:36 | Investigar | Scale Barding Armor |
| 21:02 | Construir | House |
| 21:05 | Crear | Villager (Male) |
| 21:14 | Construir | Farm |
| 21:15 | Construir | Farm |
| 21:16 | Construir | Farm |
| 21:18 | Construir | Farm |
| 21:21 | Crear | Knight |
| 21:22 | Crear | Knight |
| 21:22 | Crear | Knight |
| 22:07 | Crear | Knight |
| 22:07 | Crear | Knight |
| 22:57 | Crear | Battering Ram |
| 23:04 | Investigar | Chain Barding Armor |
| 23:04 | Investigar | Chain Barding Armor |
| 24:13 | Crear | Knight |
| 24:13 | Crear | Knight |
| 24:13 | Crear | Knight |
| 24:14 | Crear | Knight |
| 25:30 | Construir | Town Center |
| 25:46 | Crear | Villager (Male) |
| 25:46 | Crear | Villager (Male) |
| 25:46 | Crear | Villager (Male) |
| 25:46 | Crear | Villager (Male) |
| 27:03 | Crear | Mangonel |
| 27:06 | Crear | Knight |
| 27:06 | Crear | Knight |
| 27:10 | Crear | Villager (Male) ×5 |
| 27:11 | Crear | Villager (Male) |
| 27:27 | Construir | Farm |
| 27:28 | Construir | Farm |
| 28:08 | Construir | Town Center |
| 28:25 | Crear | Villager (Male) ×5 |
| 28:25 | Crear | Villager (Male) |
| 28:58 | Crear | Villager (Male) ×5 |
| 28:59 | Crear | Villager (Male) |
| 29:06 | Investigar | Bow Saw |
| 29:06 | Investigar | Bow Saw |
| 29:13 | Construir | Lumber Camp |
| 29:56 | Crear | Villager (Male) |
| 29:56 | Crear | Villager (Male) |
| 29:56 | Crear | Villager (Male) |
| 30:07 | Construir | Farm |
| 30:09 | Construir | Farm |
| 30:10 | Construir | Farm |
| 30:12 | Construir | Farm |
| 30:15 | Construir | Farm |
| 30:17 | Construir | Farm |
| 30:42 | Construir | Mining Camp |
| 30:46 | Crear | Villager (Male) |
| 30:47 | Crear | Villager (Male) |
| 30:47 | Crear | Villager (Male) |
| 31:00 | Construir | Farm |
| 31:01 | Construir | Farm |
| 31:17 | Crear | Villager (Male) |
| 31:17 | Crear | Villager (Male) |
| 31:18 | Crear | Villager (Male) |
| 31:30 | Construir | Farm |
| 31:32 | Construir | Farm |
| 31:34 | Construir | Farm |
| 31:36 | Construir | Farm |
| 31:38 | Construir | Farm |
| 31:39 | Construir | Farm |
Cronología de la partida
| 11:53 | Deathray · age_up feudal |
| 11:54 | Dante_in_the_deep · age_up feudal |
| 11:56 | 进击的菜鸟 · age_up feudal |
| 12:19 | LooneyNZ · age_up feudal |
| 12:35 | MY English is poor · age_up feudal |
| 12:58 | 进击的菜鸟 · first_building Barracks |
| 13:26 | LooneyNZ · first_building Barracks |
| 13:27 | AOE2 · age_up feudal |
| 13:29 | 白馬义从 · age_up feudal |
| 14:38 | Deathray · age_up castle |
| 14:45 | 进击的菜鸟 · first_building Stable |
| 16:00 | LooneyNZ · age_up castle |
| 16:00 | 进击的菜鸟 · age_up castle |
| 16:29 | 进击的菜鸟 · first_building Siege Workshop |
| 16:46 | Friedeggplant · first_building Barracks |
| 17:08 | MY English is poor · age_up castle |
| 17:31 | 白馬义从 · first_building Barracks |
| 17:39 | 白馬义从 · first_market_buy 100 food |
| 18:08 | Dante_in_the_deep · age_up castle |
| 18:30 | LooneyNZ · first_building Monastery |
| 18:30 | Dante_in_the_deep · first_building Castle |
| 19:11 | AOE2 · age_up castle |
| 19:15 | Friedeggplant · age_up feudal |
| 19:28 | 白馬义从 · first_market_sell 100 wood |
| 19:58 | 白馬义从 · first_building Stable |
| 21:08 | Friedeggplant · first_market_sell 100 wood |
| 21:10 | Friedeggplant · first_market_buy 100 food |
| 21:35 | LooneyNZ · first_building Siege Workshop |
| 22:27 | LooneyNZ · first_market_buy 100 food |
| 22:38 | 白馬义从 · age_up castle |
| 22:56 | 白馬义从 · first_building Monastery |
| 23:10 | Friedeggplant · age_up castle |
| 23:18 | Dante_in_the_deep · first_building Barracks |
| 23:59 | 白馬义从 · first_building Castle |
| 26:11 | MY English is poor · first_building Castle |
| 26:22 | Deathray · first_building Siege Workshop |
| 26:37 | LooneyNZ · first_building Castle |
| 27:35 | Dante_in_the_deep · wall_segment Stone Wall x7 |
| 28:23 | Friedeggplant · first_building Siege Workshop |
| 28:35 | AOE2 · first_building Castle |
| 28:55 | AOE2 · first_building Barracks |
| 28:59 | Deathray · first_building Castle |
| 29:03 | Dante_in_the_deep · first_building Archery Range |
| 29:24 | LooneyNZ · first_building Stable |
| 30:29 | Deathray · age_up imperial |
| 30:40 | Friedeggplant · first_building Monastery |
| 30:45 | 白馬义从 · first_building Siege Workshop |
| 32:40 | MY English is poor · age_up imperial |
| 32:43 | LooneyNZ · age_up imperial |
| 33:07 | 进击的菜鸟 · first_building Monastery |
| 35:13 | MY English is poor · first_building Siege Workshop |
| 36:16 | AOE2 · first_building Siege Workshop |
| 37:17 | 进击的菜鸟 · age_up imperial |
| 38:25 | AOE2 · age_up imperial |
| 38:32 | 白馬义从 · age_up imperial |
| 39:01 | MY English is poor · first_market_sell 500 food |
| 39:48 | AOE2 · first_building Stable |
| 40:16 | 白馬义从 · first_building Archery Range |
| 41:30 | Friedeggplant · first_building Castle |
| 41:50 | Friedeggplant · age_up imperial |
| 42:18 | Dante_in_the_deep · age_up imperial |
| 42:40 | Deathray · first_building Stable |
| 57:26 | MY English is poor · first_building Barracks |
| 58:11 | MY English is poor · first_building Archery Range |
| 58:26 | MY English is poor · first_market_buy 100 stone |
| 58:38 | MY English is poor · wall_segment Stone Wall x8 |
| 59:48 | Deathray · first_market_sell 100 wood |
| 61:44 | LooneyNZ · first_market_sell 500 wood |
| 62:38 | LooneyNZ · resign |
| 64:10 | Deathray · first_market_buy 100 stone |
[ ANÁLISIS IA · 1 CRÉDITO ]
¿Qué pasó realmente en esta partida?
Wolo.gg analiza cada decisión: build order, eco, micro, errores típicos por bracket. Análisis personalizado por WhatsApp o Discord en 30 segundos.
Guía civ
Francos
Guía mapa
Arena
Perfil
白馬义从